Map: Blackburn LE

Players

uThermal

  • Race: Terran Terran

DnS - Winner!

  • Race: Protoss Protoss

Event: DreamHack SC2 Masters 2021 Winter

VOD

Have the link to the VOD?

Description

Time

  • Played on: Oct. 5, 2021, 10:49 a.m.
  • Length: 25:58

All games in this series

Show
View Real Time Build Order
Export as new Build Order

uThermal Terran 

Build Orders:  

Get SALT Encoding   

  12  0:00  SCV  
  13  0:12  SCV  
  14  0:17  Supply Depot  
  14  0:24  SCV  
  15  0:38  SCV  
  15  0:40  Barracks  
  16  0:44  Refinery  
  16  0:50  SCV  
  17  1:03  SCV  
  18  1:15  SCV  
  19  1:29  Marine  
  19  1:30  Orbital Command  
  20  1:44  Command Center  
  20  1:48  Barracks Reactor  
  20  1:56  SCV  
  21  2:02  Supply Depot  
  21  2:09  SCV  
  21  2:13  Barracks  
  22  2:21  SCV  
  23  2:24  Marine x2  
  23  2:27  Barracks  
  25  2:33  SCV  
  26  2:41  Marine x2  
  28  2:45  SCV  
  29  2:56  Orbital Command  
  29  2:57  SCV  
  30  2:59  Marine x2  
  30  3:01  Barracks Tech Lab  
  32  3:09  SCV  
  33  3:15  Barracks Tech Lab  
  33  3:17  Marine x2  
  33  3:19  Stimpack, Marine  
  36  3:21  SCV  
  36  3:22  SCV  
  38  3:33  SCV  
  39  3:35  SCV, Marine x2  
  39  3:37  Supply Depot  
  39  3:38  Combat Shield  
  39  3:41  Marine x2  
  44  3:45  SCV  
  44  3:48  SCV  
  46  3:51  Supply Depot  
  46  3:58  SCV, Marine x2  
  46  3:59  Marauder x2  
  53  4:04  SCV  
  53  4:06  Engineering Bay  
  54  4:13  Factory, SCV  
  54  4:15  Supply Depot  
  54  4:16  Marine  
  54  4:17  Marine  
  56  4:19  Marine  
  56  4:20  Marine  
  59  4:26  Bunker  
  59  4:28  SCV x2  
  61  4:34  Missile Turret  
  61  4:35  Marine  
  61  4:36  Marine  
  61  4:37  Marine  
  61  4:38  Marine  
  64  4:42  SCV  
  66  4:45  Supply Depot  
  64  4:53  Marine  
  64  4:54  Marine  
  64  4:58  Missile Turret  
  64  5:08  SCV x2  
  64  5:13  Marine  
  64  5:14  Marine  
  63  5:20  SCV, Marine  
  62  5:26  SCV  
  62  5:31  Marine  
  62  5:32  SCV, Marine  
  55  5:38  Marine  
  55  5:39  SCV  
  55  5:42  Starport  
  49  5:43  Factory Reactor  
  49  5:44  SCV  
  49  5:49  Marine  
  51  5:51  SCV  
  51  5:52  Marine  
  51  5:54  Marauder  
  51  5:55  Marine  
  56  5:58  SCV  
  56  6:01  Refinery  
  56  6:03  SCV, Refinery  
  58  6:06  Refinery, Marine  
  58  6:10  SCV  
  58  6:11  Terran Infantry Weapons Level 1, Marine  
  60  6:16  Supply Depot, Marine x2  
  63  6:18  SCV  
  63  6:24  Marine  
  66  6:25  SCV  
  66  6:27  Missile Turret  
  66  6:29  Marine  
  66  6:30  SCV  
  68  6:33  Medivac  
  68  6:36  Supply Depot  
  68  6:37  Marine x2  
  68  6:38  SCV  
  68  6:39  Supply Depot  
  73  6:42  Medivac, SCV  
  73  6:44  Marine  
  73  6:47  Factory Reactor, Marine  
  77  6:49  Supply Depot  
  78  6:57  Marauder, Marine  
  78  7:00  Supply Depot  
  79  7:02  Marine  
  79  7:03  Medivac  
  79  7:05  Marine  
  83  7:12  Medivac  
  87  7:15  Marauder  
  87  7:18  Command Center  
  87  7:23  Widow Mine x2  
  87  7:24  Marine  
  87  7:26  Marine  
  93  7:35  Missile Turret  
  93  7:38  Marauder, Marine  
  93  7:42  Medivac, Marine  
  99  7:44  Medivac  
  99  7:49  Widow Mine  
  99  7:50  Widow Mine  
  105  7:54  Supply Depot, Marine  
  107  8:03  Marine  
  107  8:05  Terran Infantry Armor Level 1  
  107  8:07  Barracks  
  107  8:08  Barracks  
  107  8:09  Marine  
  107  8:10  Widow Mine  
  107  8:11  Widow Mine  
  110  8:13  Marine  
  110  8:16  Medivac  
  110  8:19  Medivac, Marine  
  114  8:21  Marine  
  114  8:22  SCV  
  116  8:27  SCV  
  116  8:29  Ghost Academy  
  116  8:32  Marine  
  116  8:33  Marine  
  119  8:34  SCV  
  119  8:40  SCV  
  120  8:41  Marine  
  120  8:46  SCV  
  122  8:49  Viking  
  122  8:50  Marauder  
  126  8:56  Barracks Tech Lab x2  
  126  8:59  SCV  
  126  9:02  SCV, Viking  
  130  9:04  Marauder  
  130  9:05  Marine  
  133  9:21  Orbital Command  
  133  9:31  Supply Depot  
  133  9:32  Ghost x3  
  133  9:33  Missile Turret  
  133  9:35  Ghost  
  141  9:42  Armory  
  141  9:48  Supply Depot  
  141  9:51  Missile Turret  
  141  9:52  SCV x3, Marine  
  145  9:58  Supply Depot, Bunker, Marine  
  145  9:59  Concussive Shells  
  146  10:01  Ghost  
  146  10:04  SCV  
  149  10:09  Viking  
  149  10:12  SCV  
  149  10:13  Marauder, Supply Depot, SCV, Marine  
  156  10:16  Marauder  
  157  10:24  Viking  
  157  10:25  Marine  
  157  10:26  Marauder  
  162  10:29  Marine  
  162  10:35  Marauder  
  165  10:36  Marine  
  165  10:37  Marauder  
  165  10:41  Refinery  
  165  10:42  Refinery  
  164  10:44  Command Center  
  164  10:45  Viking  
  164  10:49  Marauder, Marine x2  
  167  10:50  Supply Depot  
  167  10:54  Viking  
  170  10:57  Terran Infantry Weapons Level 2  
  170  11:00  Marauder, Marine  
  173  11:05  Supply Depot  
  173  11:07  Supply Depot  
  173  11:10  Marine  
  172  11:11  Marine  
  172  11:12  Marauder  
  172  11:15  Supply Depot  
  175  11:19  Viking  
  175  11:23  Ghost  
  175  11:24  Viking  
  181  11:26  Ghost  
  181  11:32  Ghost  
  183  11:39  Marauder, Marine  
  187  11:47  Sensor Tower  
  187  11:52  Ghost  
  189  11:57  Barracks x2  
  189  12:00  Ghost  
  189  12:01  Barracks  
  191  12:04  Marauder  
  191  12:08  Marauder, Marine  
  196  12:14  Viking  
  198  12:18  SCV  
  198  12:20  SCV  
  200  12:26  Sensor Tower  
  200  12:35  Planetary Fortress  
  200  12:41  Missile Turret  
  199  12:48  Ghost  
  200  12:54  Ghost x2  
  200  13:03  Command Center  
  200  13:06  Enhanced Shockwaves  
  200  13:13  Terran Infantry Armor Level 2  
  200  13:29  Command Center  
  200  13:32  Command Center  
  199  13:52  Marauder, Marine  
  199  14:01  Viking  
  191  14:03  Viking  
  191  14:05  Marine x3  
  191  14:06  Marauder x2  
  200  14:19  Marauder  
  190  14:37  Marauder, Marine  
  184  14:39  Marine  
  184  14:40  Marauder  
  184  14:42  Viking x2, Marine x2  
  184  14:43  Marauder x2  
  184  14:44  SCV x3  
  189  14:47  SCV  
  189  14:49  Marine  
  188  14:56  Marine  
  188  14:57  SCV, Marine  
  188  14:59  Marauder  
  193  15:01  Marauder, SCV  
  193  15:07  Orbital Command x2  
  193  15:10  SCV  
  193  15:11  Marine  
  193  15:12  Viking, Marine  
  198  15:15  SCV  
  198  15:17  SCV  
  200  15:29  Terran Infantry Weapons Level 3  
  195  16:05  Marine  
  195  16:06  Marauder x2  
  199  16:11  Marine  
  200  16:19  Orbital Command  
  200  16:21  Orbital Command  
  195  17:01  Viking x2  
  197  17:07  Missile Turret  
  199  17:13  Planetary Fortress  
  199  17:26  Missile Turret  
  198  17:43  Viking  
  199  17:47  Command Center  
  199  17:48  SCV  
  199  17:49  Command Center  
  198  18:01  Viking  
  198  18:02  Marauder  
  200  18:06  Terran Infantry Armor Level 3  
  200  18:08  Marauder  
  200  18:18  Marine  
  200  18:19  Marauder  
  196  18:21  Viking  
  196  18:22  Marine  
  196  18:23  SCV  
  196  18:24  Marine  
  195  18:39  Marine  
  195  18:40  Marauder  
  199  18:41  SCV  
  199  18:42  SCV  
  199  18:43  Sensor Tower  
  199  19:02  Orbital Command  
  196  19:22  Marauder, Marine  
  195  19:32  Marine  
  195  19:33  Marauder  
  188  19:46  Marauder, Marine  
  188  19:47  Marine  
  188  19:48  Marauder  
  188  19:49  Planetary Fortress  
  188  19:52  Orbital Command  
  181  20:02  Marauder, Marine  
  175  20:07  Viking  
  175  20:11  Marine  
  175  20:12  Marauder x2, Marine  
  175  20:13  Marauder  
  178  20:15  SCV  
  178  20:17  SCV  
  178  20:18  SCV x3  
  183  20:21  SCV  
  183  20:27  Viking  
  183  20:28  SCV  
  187  20:29  SCV  
  187  20:30  SCV x3  
  191  20:36  Sensor Tower  
  191  20:37  SCV  
  191  20:40  SCV  
  191  20:41  SCV  
  191  20:42  SCV x3  
  197  20:43  Viking  
  197  20:44  Missile Turret  
  197  20:48  Missile Turret  
  197  20:49  SCV  
  199  20:52  SCV  
  199  20:54  Missile Turret, Sensor Tower  
  195  21:07  Viking, Marine  
  195  21:08  Marauder  
  195  21:10  Marine  
  195  21:11  Marauder  
  192  21:13  Viking  
  187  21:20  Marine x2  
  187  21:21  Marauder x2, Marine  
  187  21:25  Marine  
  193  21:29  Marauder  
  193  21:32  Marauder  
  197  21:37  Viking  
  197  21:39  Marine  
  196  21:42  Marauder  
  198  21:49  Viking  
  200  21:57  Orbital Command  
  200  22:05  Orbital Command  
  200  22:19  Neosteel Armor  
  173  22:34  Viking  
  174  22:37  Marine x4  
  174  22:38  Marauder x4  
  174  22:41  Marine  
  177  22:48  Viking  
  174  22:55  Marine  
  174  22:56  Marine x2  
  170  22:58  Ghost  
  170  22:59  Marauder x2, Marine x2, Ghost  
  179  23:14  Marine  
  179  23:18  Marine x2  
  168  23:20  Marauder x2, Medivac x2  
  165  23:28  Marauder x2  
  165  23:33  Marine  
  168  23:41  Marine x2  
  156  23:42  Marauder x2  
  156  23:44  SCV x2  
  156  23:46  Marine x2  
  164  23:48  Ghost  
  164  23:49  Marauder  
  164  23:51  Medivac, Marine  
  171  23:56  Medivac  
  171  23:58  SCV, Marine x2  
  176  24:02  Ghost  
  176  24:03  Marauder  
  176  24:04  Marine  
  181  24:11  Marauder, Marine  
  184  24:18  Marauder, Marine  
  184  24:19  Marine  
  184  24:22  Viking  
  190  24:25  Marauder  
  190  24:26  Viking  
  190  24:31  Ghost  
  191  24:32  Marine x2  
  191  24:33  Marauder  
  197  24:39  Marauder  
  199  24:50  Marine  
Show
View Real Time Build Order
Export as new Build Order

DnS Protoss - Winner!

Build Orders: 1 Gate Expand, Zealot Archon, Dark Templar Rush 

Get SALT Encoding   

  12  0:00  Probe  
  13  0:12  Probe  
  14  0:19  Pylon  
  14  0:24  Probe (Chrono Boost)  
  15  0:37  Probe (Chrono Boost)  
  15  0:39  Gateway  
  16  0:45  Probe (Chrono Boost)  
  16  0:49  Assimilator  
  17  0:51  Probe  
  18  1:03  Probe  
  19  1:15  Probe  
  20  1:26  Cybernetics Core  
  20  1:35  Nexus  
  20  1:38  Probe  
  21  1:45  Pylon  
  21  1:50  Probe  
  22  1:55  Assimilator  
  22  2:00  Adept (Chrono Boost)  
  22  2:02  Probe (Chrono Boost)  
  22  2:05  Warp Gate  
  25  2:14  Probe (Chrono Boost)  
  26  2:19  Probe (Chrono Boost)  
  27  2:22  Adept  
  27  2:28  Probe  
  30  2:32  Twilight Council  
  30  2:43  Probe (Chrono Boost)  
  31  2:47  Probe (Chrono Boost)  
  32  2:52  Robotics Facility  
  32  2:56  Probe (Chrono Boost)  
  32  2:57  Probe (Chrono Boost)  
  34  3:01  Probe (Chrono Boost)  
  34  3:05  Probe  
  36  3:14  Probe  
  36  3:15  Dark Shrine  
  36  3:17  Probe  
  38  3:22  Gateway  
  38  3:26  Probe  
  39  3:29  Gateway, Probe  
  40  3:38  Probe  
  40  3:40  Warp Prism (Chrono Boost), Pylon  
  43  3:48  Probe  
  43  3:49  Pylon  
  43  3:55  Probe  
  45  3:58  Stalker  
  45  4:00  Pylon  
  45  4:01  Probe  
  48  4:06  Assimilator  
  48  4:07  Probe  
  48  4:08  Assimilator  
  49  4:14  Probe  
  50  4:19  Probe  
  51  4:26  Probe  
  51  4:28  Dark Templar x2  
  56  4:31  Probe  
  56  4:33  Dark Templar  
  56  4:37  Pylon  
  60  4:44  Gateway  
  60  4:48  Shield Battery  
  61  4:57  Shield Battery  
  61  5:00  Pylon  
  61  5:04  Sentry  
  61  5:05  Sentry  
  61  5:06  Zealot  
  67  5:12  Robotics Facility  
  59  5:24  Probe  
  56  5:28  Dark Templar  
  56  5:29  Zealot  
  56  5:32  Probe  
  57  5:36  Probe  
  57  5:41  Blink (Chrono Boost)  
  57  5:44  Probe  
  57  5:46  Gateway  
  57  5:48  Probe  
  59  5:50  Nexus  
  59  5:51  Pylon  
  59  5:55  Dark Templar  
  59  5:56  Probe  
  62  6:00  Probe, Archon  
  63  6:04  Robotics Bay  
  63  6:08  Probe  
  64  6:12  Observer  
  64  6:13  Probe  
  66  6:20  Probe  
  66  6:25  Gateway, Probe  
  68  6:26  Sentry  
  68  6:27  Gateway, Shield Battery  
  68  6:29  Sentry  
  68  6:30  Gateway  
  72  6:33  Probe  
  72  6:35  Immortal (Chrono Boost)  
  72  6:37  Probe  
  78  6:43  Pylon  
  78  6:45  Probe  
  79  6:49  Probe  
  80  6:58  Probe  
  80  7:01  Probe  
  82  7:03  Probe  
  82  7:04  Colossus (Chrono Boost)  
  89  7:09  Forge  
  89  7:10  Probe  
  89  7:12  Shield Battery  
  90  7:18  Probe  
  90  7:19  Probe  
  90  7:21  Assimilator  
  90  7:22  Probe  
  93  7:23  Gateway  
  93  7:26  Gateway  
  93  7:38  Stalker x3  
  99  7:45  Protoss Ground Weapons Level 1 (Chrono Boost)  
  99  7:46  Probe x3  
  99  7:47  Colossus (Chrono Boost)  
  99  7:50  Zealot x3  
  114  7:51  Charge  
  114  7:54  Extended Thermal Lance  
  112  8:03  Pylon  
  112  8:04  Pylon  
  112  8:05  Assimilator  
  112  8:09  Stalker x2  
  116  8:20  Pylon x2  
  116  8:21  Pylon  
  116  8:24  Templar Archives  
  116  8:32  Colossus (Chrono Boost)  
  122  8:37  Pylon  
  122  8:38  Pylon  
  122  8:49  Zealot x2  
  122  8:50  Zealot x2, Nexus  
  129  9:02  Stalker x2, High Templar x2  
  135  9:06  Archon  
  135  9:09  Photon Cannon  
  137  9:14  Nexus  
  137  9:16  Pylon  
  137  9:17  Robotics Facility  
  137  9:20  Disruptor (Chrono Boost)  
  140  9:28  Protoss Ground Weapons Level 2 (Chrono Boost)  
  140  9:29  Zealot x2, Dark Templar  
  140  9:30  Zealot  
  148  9:33  Pylon  
  148  9:34  Pylon  
  148  9:35  Shield Battery  
  148  9:57  Pylon  
  148  9:59  Shield Battery  
  148  10:01  Disruptor (Chrono Boost)  
  148  10:02  Photon Cannon, Pylon  
  148  10:03  Disruptor (Chrono Boost)  
  154  10:13  High Templar x2  
  158  10:19  Gateway, Archon  
  158  10:20  Gateway  
  158  10:23  Probe x3  
  158  10:25  Disruptor  
  161  10:31  Disruptor  
  161  10:38  Zealot x5  
  159  10:43  Probe x3 (Chrono Boost)  
  159  10:48  Probe (Chrono Boost)  
  163  10:55  Probe x2 (Chrono Boost)  
  163  10:57  Probe (Chrono Boost), Disruptor (Chrono Boost)  
  162  11:00  Probe (Chrono Boost)  
  162  11:02  High Templar  
  162  11:03  Probe, High Templar  
  162  11:04  Probe  
  170  11:06  Probe  
  170  11:10  Probe  
  177  11:12  Archon  
  177  11:14  Disruptor (Chrono Boost)  
  177  11:18  Probe x2  
  179  11:19  Probe  
  179  11:22  Probe  
  181  11:30  Disruptor (Chrono Boost)  
  184  11:33  Forge  
  184  11:36  Shadow Stride  
  184  11:37  Disruptor (Chrono Boost)  
  184  11:42  Probe x3  
  188  11:59  Immortal  
  188  12:00  Stalker x4  
  200  12:02  Protoss Ground Armor Level 1 (Chrono Boost), Pylon  
  200  12:03  Assimilator  
  200  12:08  Assimilator  
  194  12:19  Protoss Ground Weapons Level 3 (Chrono Boost)  
  194  12:21  Photon Cannon  
  194  12:22  Photon Cannon  
  192  12:29  Photon Cannon  
  192  12:49  Probe  
  192  12:50  Probe x3  
  189  12:56  Stargate  
  189  13:01  Probe  
  189  13:02  Probe  
  191  13:15  Zealot x4  
  199  13:22  Gateway x2  
  197  13:38  Dark Templar  
  199  13:49  Observer, Pylon  
  199  13:52  Fleet Beacon  
  199  13:53  Stargate  
  199  13:54  Nexus  
  193  14:05  Pylon  
  193  14:06  Dark Templar x2  
  195  14:22  Zealot  
  195  14:23  Zealot x3  
  200  14:25  Shield Battery  
  200  14:30  Protoss Ground Armor Level 2 (Chrono Boost)  
  200  14:32  Nexus  
  198  14:42  Dark Templar  
  184  14:55  Dark Templar x2  
  184  14:58  Carrier  
  192  15:01  Carrier, Protoss Air Weapons Level 1 (Chrono Boost)  
  194  15:08  Pylon  
  194  15:11  Dark Templar x2  
  194  15:12  Dark Templar  
  200  15:30  Shield Battery  
  200  15:32  Shield Battery  
  200  15:34  Pylon  
  200  15:36  Photon Cannon  
  200  15:42  Protoss Shields Level 1 (Chrono Boost)  
  188  16:06  Carrier (Chrono Boost)  
  188  16:07  Carrier (Chrono Boost)  
  200  16:33  Probe x3  
  193  16:42  Nexus  
  193  16:43  Photon Cannon, Protoss Ground Armor Level 3 (Chrono Boost)  
  193  16:44  Photon Cannon  
  193  16:46  Observer  
  194  16:54  Protoss Air Weapons Level 2 (Chrono Boost)  
  183  17:03  Pylon  
  181  17:14  Dark Templar x8  
  181  17:15  Dark Templar  
  199  17:19  Probe  
  188  17:36  Stalker x3  
  188  17:37  Probe x4  
  193  17:45  Shield Battery  
  193  17:46  Dark Templar x3  
  193  17:49  Probe  
  198  18:06  Probe x2  
  200  18:23  Protoss Shields Level 2 (Chrono Boost)  
  200  18:27  Shield Battery  
  194  18:50  Dark Templar x3  
  200  19:15  Shield Battery  
  200  19:17  Shield Battery  
  198  19:27  Assimilator  
  198  19:28  Assimilator  
  196  19:43  Dark Templar x2  
  198  20:02  Protoss Air Weapons Level 3 (Chrono Boost)  
  192  20:10  Carrier (Chrono Boost)  
  192  20:13  Immortal (Chrono Boost)  
  180  20:16  Immortal (Chrono Boost)  
  180  20:18  Carrier (Chrono Boost)  
  194  20:27  Dark Templar x2  
  194  20:28  Dark Templar  
  200  20:34  Nexus  
  196  21:39  Carrier  
  195  21:46  Dark Templar  
  195  21:55  Zealot x2  
  195  22:11  Shield Battery  
  178  22:35  Stalker x3  
  178  22:36  Zealot x8  
  195  22:57  Disruptor x2  
  180  23:03  Zealot x10  
  185  23:26  Zealot x5  
  177  23:37  Carrier (Chrono Boost)  
  174  23:46  Carrier (Chrono Boost)  
  186  23:52  Dark Templar x7  
  200  23:56  Assimilator  
  200  23:58  Assimilator  
  196  24:33  Nexus  
  190  24:57  Observer  
  174  25:13  Nexus  
  186  25:15  Stalker x5, Zealot x2  

Tags
 
Add a new tag
Caveats
  • Supply blocks, unpowered buildings, or Contaminate may cause inaccurate times.
  • Supply counts are checked every 10 seconds.